I think usf is broken

Match 25313676
End
Pioneer Squad
Construct Infanterie Kompanie
Grenadier Squad
Grenadier Squad
Selects Mechanized Battlegroup
MG 42 Machine Gun Team
Construct Panzergrenadier Kompanie
251 Medium Carrier
Pak 40 Anti-tank Gun Team
Selects Raid Package
Panzergrenadier Squad
Pioneer Squad
Selects 8 Rad Armored Car
8 Rad Armored Car
Panzergrenadier Officer Quarters
Panzergrenadier Squad
Panzergrenadier Squad
Pak 40 Anti-tank Gun Team
Selects Mobile Repair Stations
Construct Panzer Kompanie
Stoßtruppen Squad
Selects UNKNOWN (2160084)
Pak 40 Anti-tank Gun Team
SMOKO
Strike Package Zulu
FutureNP
nub
0
0

Comments sign in to comment!

No comments posted yet!